 Dungeon Crawl Stone Soup version 0.18-b1-14-g029dad2 (webtiles) character file.

430 Alarkh the Insei (level 6, -14/42 HPs)
             Began as an Octopode Transmuter on Apr 30, 2016.
             Demolished by a mummy (17 damage)
             ... in an ossuary.
             The game lasted 00:09:01 (4014 turns).

Alarkh the Insei (Octopode Transmuter)              Turns: 4014, Time: 00:09:02

Health: -14/42     AC:  1    Str:  9    XL:     6   Next: 99%
Magic:  9/9        EV: 13    Int: 17    God:
Gold:   95         SH:  0    Dex: 13    Spells: 3 memorised, 3 levels left

rFire  x . .     SeeInvis .       - Unarmed
rCold  + + .     Gourm    .     (no shield)
rNeg   . . .     Faith    .     (helmet restricted)
rPois  .         Spirit   .     (no amulet)
rElec  .         Dismiss  .     i - ring of stealth
rCorr  .         Reflect  .     k - ring of protection from cold
SustAt .         Harm     .     l - ring of ice
MR     .....                    (no ring)
Stlth  +++.......               (no ring)
                                (no ring)
                                (no ring)
                                (no ring)

@: marked, not resistant to hostile enchantments, fairly stealthy
A: almost no armour, amphibious, 8 rings, constrict 8, camouflage 1, gelatinous
body 1
a: no special abilities


You were in an ossuary.
You were very hungry.

You visited 1 branch of the dungeon, and saw 4 of its levels.
You also visited: Ossuary.

You collected 95 gold pieces.

Inventory:

Missiles
 b - 13 arrows
Armour
 v - a +2 buckler
Jewellery
 i - a ring of stealth (left tentacle)
 k - a ring of protection from cold (right tentacle)
 l - a ring of ice (on tentacle)
Scrolls
 g - a scroll of noise {unknown}
 n - a scroll of amnesia {unknown}
 p - 2 scrolls of remove curse
 q - a scroll of random uselessness {unknown}
 s - a scroll of immolation {unknown}
 t - a scroll of enchant armour {unknown}
 u - a scroll of teleportation {unknown}
Potions
 a - a potion of resistance {unknown}
 e - a potion of lignification
 h - a potion of curing
 j - 2 potions of agility
 r - 2 potions of brilliance
Books
 o - a book of Changes

   Spells                             Type                      Level
   a - Beastly Appendage              Transmutation                1
   b - Sticks to Snakes               Transmutation                2
   c - Spider Form                    Transmutation/Poison         3
   d - Ice Form                       Ice/Transmutation            4
   e - Blade Hands                    Transmutation                5
Comestibles
 c - 3 bread rations
 d - a slice of pizza
 f - 4 meat rations
 m - 3 fruits


   Skills:
 + Level 3.2 Fighting
 + Level 3.9 Dodging
 * Level 5.9 Unarmed Combat
 - Level 2.0 Spellcasting
 - Level 2.0 Transmutations


You had 3 spell levels left.
You knew the following spells:

 Your Spells              Type           Power        Failure   Level  Hunger
a - Beastly Appendage     Trmt           #.....       10%         1    #......
b - Spider Form           Trmt/Pois      #.........   38%         3    ###....
c - Sticks to Snakes      Trmt           #.......     14%         2    ###....


Dungeon Overview and Level Annotations

Branches:
Dungeon (4/15)
 Temple: D:4-7

Altars:
Fedhas
Gozag


Innate Abilities, Weirdness & Mutations

You cannot wear most types of armour.
You are amphibious.
You can wear up to eight rings at the same time.
You can use your tentacles to constrict eight enemies at once.
Your skin changes colour to match your surroundings (Stealth).
Your rubbery body absorbs attacks (AC +1).


Message History

The centaur zombie hits you.
You bludgeon the centaur zombie! You squeeze the centaur zombie!
The centaur zombie hits you.
The hobgoblin zombie closely misses you.
An orc zombie comes into view.
You tentacle-slap the centaur zombie. The centaur zombie hits you!
* * * LOW HITPOINT WARNING * * *
You barely miss the hobgoblin zombie. You grab the hobgoblin zombie.
You constrict the hobgoblin zombie. The centaur zombie hits you.
* * * LOW HITPOINT WARNING * * *
The hobgoblin zombie hits you but does no damage.
You bludgeon the hobgoblin zombie!
You destroy the hobgoblin zombie!
You bludgeon the orc zombie!
You destroy the orc zombie!
A hobgoblin zombie comes into view.
You tentacle-slap the adder zombie but do no damage.
Your grab misses the adder zombie. Your squeeze misses the adder zombie.
The mummy hits you!
You die...

#....................#
#....................#
#........8..8........#
#....................#
#...######^.######...#
#...# #..# #...# #...#
#..# #...#
#...#.####..####.#...#
#...#......ZZM@ZZ#...#
#...#.......####Z#...#
#...#.......# #...#
#...#.......# #...#
#...#.....∩.# #...#
#...####+.... #...#
#...# #...# #...#
#...# #... #...#
#...##############...#


You could see a mummy, an adder zombie, a jackal zombie, 2 hobgoblin zombies and
a centaur zombie.

Vanquished Creatures
  The ghost of ThereIsNoGod the Skirmisher, an amateur MiFi (D:3)
  A gnoll sergeant (D:2)
  An orc priest (D:3)
  A giant frog skeleton (D:4)
  Jessica (D:3)
  A worker ant (D:4)
  Terence (D:2)
  A mummy (Ossuary)
  4 gnolls
  An adder (D:3)
  A worm (D:3)
  3 dart slugs
  2 giant geckos
  2 orcs (D:3)
  A ball python (D:3)
  7 bats
  2 giant cockroaches
  4 goblins
  7 hobgoblins
  9 jackals
  9 kobolds
  4 giant newts
  13 hobgoblin zombies (Ossuary)
  A jackal zombie (Ossuary)
  5 kobold zombies (Ossuary)
  6 orc zombies (Ossuary)
  9 rats
98 creatures vanquished.

Notes
Turn   | Place    | Note
--------------------------------------------------------------
     0 | D:1      | Alarkh the Octopode Transmuter began the quest for the Orb.
     0 | D:1      | Reached XP level 1. HP: 13/13 MP: 3/3
    73 | D:1      | Reached XP level 2. HP: 12/18 MP: 5/5
   871 | D:1      | Reached XP level 3. HP: 19/23 MP: 4/6
  1005 | D:1      | Noticed a gnoll sergeant
  1424 | D:2      | Noticed Terence
  1445 | D:2      | Killed Terence
  1445 | D:2      | Reached skill level 4 in Unarmed Combat
  1445 | D:2      | Reached XP level 4. HP: 14/29 MP: 7/7
  1454 | D:2      | Learned a level 3 spell: Spider Form
  1810 | D:2      | Killed a gnoll sergeant
  1810 | D:2      | Reached XP level 5. HP: 27/35 MP: 3/8
  2342 | D:3      | Noticed Jessica
  2349 | D:3      | Killed Jessica
  2349 | D:3      | Reached skill level 5 in Unarmed Combat
  2419 | D:3      | Noticed ThereIsNoGod's ghost (amateur MiFi)
  2831 | D:3      | Reached XP level 6. HP: 31/41 MP: 2/9
  3053 | D:3      | Learned a level 2 spell: Sticks to Snakes
  3206 | D:3      | HP: 2/41 [ThereIsNoGod's ghost (14)]
  3511 | D:3      | Found a blossoming altar of Fedhas.
  3517 | D:3      | Found an opulent altar of Gozag.
  3600 | D:3      | Killed ThereIsNoGod's ghost
  3743 | D:4      | Found a sand-covered staircase.
  3893 | Ossuary  | Entered an ossuary
  4014 | Ossuary  | Demolished by a mummy

Skill      XL: |  1  2  3  4  5  6 |
---------------+-------------------+-----
Unarmed Combat | 4 5 |  5.9
Fighting       | 2 3 |  3.2
Dodging        | 3 |  3.9
Spellcasting   | |  2.0
Transmutations | |  2.0

Action                   |  1- 3 |  4- 6 || total
-------------------------+-------+-------++-------
Melee: Unarmed           |    94 |   166 ||   260
       Constrict         |    26 |    35 ||    61
       Tentacles         |    21 |    22 ||    43
       Kick              |    15 |     1 ||    16
       Punch             |     1 |     4 ||     5
 Cast: Beastly Appendage |     9 |     2 ||    11
       Spider Form       |       |     7 ||     7
       Sticks to Snakes  |       |     4 ||     4
  Use: Potion            |       |     5 ||     5
       Scroll            |       |     5 ||     5
 Stab: Sleeping          |     3 |     8 ||    11
       Distracted        |       |     1 ||     1
  Eat: Chunk             |     2 |     7 ||     9
       Pizza             |       |     1 ||     1
Armor: Skin              |     8 |     7 ||    15
Dodge: Dodged            |    65 |   110 ||   175
